[ AOE2 MATCH · #486689257 ]
UnrankedVikings vs Magyars
[ REPLAY ANALYSIS · EXTRACTED FROM THE RECORDED GAME ]
Feudal
13:49
Castle
17:45
Imperial
—
| APM avg | 29.5 |
| APM peak | 55 |
| eAPM avg | 17.8 |
| Villagers / military | 53 / 23 |
Focus
⚔️ 25.6% · 🌾 74.4%
Fishing Ship ×17 · Fire Galley ×10 · Longboat ×9 · Spearman ×4
Feudal
12:59
Castle
21:26
Imperial
—
| APM avg | 53.8 |
| APM peak | 108 |
| eAPM avg | 20.4 |
| Villagers / military | 47 / 26 |
Focus
⚔️ 43.0% · 🌾 57.0%
Fire Galley ×22 · Fishing Ship ×7 · Demolition Raft ×4
Feudal
13:28
Castle
17:23
Imperial
—
| APM avg | 61.6 |
| APM peak | 101 |
| eAPM avg | 32.1 |
| Villagers / military | 38 / 14 |
Focus
⚔️ 21.5% · 🌾 78.5%
Mangudai ×11 · Fishing Ship ×6 · Mangonel ×2 · Fire Galley ×1 · Unknown (2626) ×1
Feudal
14:06
Castle
—
Imperial
—
| APM avg | 42.5 |
| APM peak | 62 |
| eAPM avg | 18.1 |
| Villagers / military | 48 / 25 |
Focus
⚔️ 33.5% · 🌾 66.5%
Fishing Ship ×19 · Scout Cavalry ×18 · Fire Galley ×3 · Galley ×2 · Spearman ×2
Feudal
12:03
Castle
18:16
Imperial
—
| APM avg | 60.6 |
| APM peak | 93 |
| eAPM avg | 32.4 |
| Villagers / military | 43 / 27 |
Focus
⚔️ 48.2% · 🌾 51.8%
Trade Cog ×19 · Fire Galley ×16 · Galley ×10 · Fishing Ship ×10 · Unknown (2626) ×7 · Demolition Raft ×1
Feudal
14:34
Castle
18:21
Imperial
—
| APM avg | 23.5 |
| APM peak | 41 |
| eAPM avg | 10.3 |
| Villagers / military | 22 / 2 |
Focus
⚔️ 30.1% · 🌾 69.9%
Fishing Ship ×10 · Unknown (2562) ×2 · Mangonel ×1 · Unknown (2626) ×1 · Demolition Raft ×1
Feudal
12:43
Castle
—
Imperial
—
| APM avg | 47.8 |
| APM peak | 87 |
| eAPM avg | 24.1 |
| Villagers / military | 64 / 24 |
Focus
⚔️ 34.8% · 🌾 65.2%
Scout Cavalry ×24 · Fishing Ship ×17
Feudal
13:34
Castle
18:20
Imperial
—
| APM avg | 32.6 |
| APM peak | 63 |
| eAPM avg | 20.4 |
| Villagers / military | 43 / 21 |
Focus
⚔️ 41.1% · 🌾 58.9%
Fishing Ship ×12 · Cavalry Archer ×12 · Fire Galley ×5 · Spearman ×2 · Unknown (2626) ×2 · Demolition Raft ×2
Match map
Initial resources + every placement click. Lines = walls · curves = elevation contours. ◆ gold · ⬟ stone · ● berries · ✦ relic · ◌ wall gap
Your base· Open — 6t gap
DL | Tortafuller's base· Open — 14t gap
noru's base· Open — unwalled flank
DS_TheHeartless's base· Open — unwalled flank
ForeverUnemployed's base· Open — 8t gap
Cris_1z's base· Open — unwalled flank
LoB.Janandez's base· Open — 3t gap
nordap's base· Open — unwalled flank
Smoothed initial terrain · ◌ = detected wall gap · hover for details
Inputs per minute
— Ancalagon14 - - DL | Tortafuller
Build order — Ancalagon14
145 actions detected in the replay
| 0:03 | Build | Town Center |
| 0:56 | Build | Dock |
| 1:03 | Build | House |
| 2:26 | Create | Villager (Male) |
| 2:26 | Create | Villager (Male) |
| 2:26 | Create | Villager (Male) |
| 2:27 | Create | Villager (Male) |
| 3:10 | Create | Fishing Ship |
| 3:54 | Build | House |
| 4:04 | Create | Villager (Male) |
| 4:28 | Create | Villager (Male) |
| 4:47 | Create | Villager (Male) |
| 5:07 | Create | Villager (Male) |
| 5:29 | Create | Villager (Male) |
| 5:35 | Create | Fishing Ship |
| 5:45 | Build | House |
| 5:56 | Create | Villager (Male) |
| 5:56 | Create | Villager (Male) |
| 5:57 | Create | Villager (Male) |
| 5:57 | Create | Villager (Male) |
| 6:23 | Create | Fishing Ship |
| 6:35 | Create | Villager (Male) |
| 6:59 | Create | Villager (Male) |
| 7:17 | Create | Fishing Ship |
| 7:27 | Create | Fishing Ship |
| 7:35 | Build | House |
| 7:41 | Build | House |
| 7:42 | Build | House |
| 7:50 | Create | Villager (Male) |
| 8:06 | Create | Villager (Male) |
| 8:13 | Create | Fishing Ship |
| 8:31 | Create | Fishing Ship |
| 8:42 | Create | Villager (Male) |
| 8:52 | Create | Fishing Ship |
| 8:54 | Create | Villager (Male) |
| 9:09 | Build | Dock |
| 9:12 | Create | Villager (Male) |
| 9:40 | Research | Loom |
| 9:45 | Create | Fishing Ship |
| 9:48 | Create | Fishing Ship |
| 9:49 | Create | Fishing Ship |
| 9:51 | Create | Villager (Male) |
| 10:08 | Create | Villager (Male) |
| 10:15 | Create | Fishing Ship |
| 10:15 | Create | Fishing Ship |
| 10:34 | Build | Mill |
| 10:41 | Create | Villager (Male) |
| 11:25 | Create | Fishing Ship |
| 11:39 | Research | Feudal Age |
| 11:46 | Build | Mining Camp |
| 11:55 | Build | House |
| 12:30 | Build | Dock |
| 12:48 | Create | Villager (Male) |
| 12:49 | Create | Villager (Male) |
| 13:49 | Age | Feudal Age |
| 13:53 | Build | Market |
| 14:19 | Build | Blacksmith |
| 14:22 | Create | Villager (Male) |
| 14:48 | Build | Lumber Camp |
| 14:52 | Research | Castle Age |
| 15:03 | Build | House |
| 15:05 | Build | House |
| 15:11 | Build | House |
| 15:17 | Build | House |
| 15:19 | Build | Palisade Wall |
| 15:26 | Create | Villager (Male) |
| 15:32 | Research | Double-Bit Axe |
| 15:50 | Research | Fletching |
| 16:09 | Create | Villager (Male) |
| 16:26 | Create | Fishing Ship |
| 16:27 | Create | Fishing Ship |
| 16:27 | Create | Fishing Ship |
| 16:48 | Build | Palisade Wall |
| 16:55 | Create | Villager (Male) |
| 16:56 | Create | Villager (Male) |
| 17:09 | Create | Fire Galley |
| 17:09 | Create | Fire Galley |
| 17:09 | Create | Fire Galley |
| 17:16 | Research | Gold Mining |
| 17:45 | Age | Castle Age |
| 17:53 | Create | Villager (Male) |
| 17:58 | Research | War Galley (upgrade) |
| 18:17 | Create | Fire Galley |
| 18:23 | Create | Villager (Male) |
| 18:30 | Build | House |
| 18:31 | Build | House |
| 18:31 | Build | House |
| 18:31 | Build | House |
| 18:31 | Build | House |
| 18:46 | Create | Fire Galley |
| 18:47 | Create | Fire Galley |
| 18:47 | Create | Fire Galley |
| 18:49 | Create | Villager (Male) |
| 18:49 | Create | Villager (Male) |
| 18:54 | Research | Bow Saw |
| 19:17 | Create | Longboat |
| 19:18 | Create | Longboat |
| 19:18 | Create | Longboat |
| 19:20 | Create | Villager (Male) |
| 19:21 | Create | Villager (Male) |
| 19:29 | Build | Palisade Wall |
| 19:30 | Build | Palisade Wall |
| 19:31 | Build | Palisade Wall |
| 19:33 | Build | Palisade Wall |
| 19:33 | Build | Palisade Wall |
| 19:34 | Build | Palisade Wall |
| 19:48 | Build | Barracks |
| 19:51 | Create | Villager (Male) |
| 20:02 | Create | Longboat |
| 20:02 | Create | Longboat |
| 20:20 | Create | Spearman |
| 20:35 | Build | Town Center |
| 21:01 | Create | Spearman |
| 21:12 | Build | House |
| 21:14 | Build | House |
| 21:18 | Build | House |
| 21:20 | Build | Palisade Wall |
| 21:24 | Create | Spearman |
| 21:24 | Create | Spearman |
| 21:27 | Create | Longboat |
| 21:27 | Create | Longboat |
| 21:27 | Create | Longboat |
| 21:31 | Create | Villager (Male) |
| 21:31 | Create | Villager (Male) |
| 21:49 | Create | Villager (Male) |
| 21:49 | Create | Villager (Male) |
| 22:01 | Create | Longboat |
| 22:06 | Research | Bodkin Arrow |
| 22:08 | Create | Villager (Male) |
| 22:39 | Create | Villager (Male) |
| 22:40 | Create | Villager (Male) |
| 22:41 | Create | Villager (Male) |
| 22:46 | Build | Town Center |
| 22:52 | Create | Villager (Male) |
| 22:52 | Create | Villager (Male) |
| 22:52 | Create | Villager (Male) |
| 22:56 | Create | Fire Galley |
| 22:56 | Create | Fire Galley |
| 22:56 | Create | Fire Galley |
| 23:14 | Create | Villager (Male) |
| 23:40 | Create | Villager (Male) |
| 23:40 | Create | Villager (Male) |
| 23:43 | Build | University |
| 23:47 | Create | Villager (Male) |
| 23:47 | Create | Villager (Male) |
Build order — DL | Tortafuller
113 actions detected in the replay
| 0:16 | Build | Town Center |
| 1:27 | Build | Dock |
| 2:15 | Build | House |
| 2:42 | Create | Villager (Male) |
| 2:42 | Create | Villager (Male) |
| 2:42 | Create | Villager (Male) |
| 2:43 | Create | Villager (Male) |
| 2:43 | Create | Villager (Male) |
| 3:39 | Create | Fishing Ship |
| 3:58 | Build | House |
| 4:30 | Create | Villager (Male) |
| 4:58 | Create | Villager (Male) |
| 5:12 | Create | Villager (Male) |
| 5:38 | Create | Villager (Male) |
| 5:39 | Create | Fishing Ship |
| 5:57 | Build | House |
| 6:03 | Create | Villager (Male) |
| 6:35 | Create | Villager (Male) |
| 6:40 | Create | Villager (Male) |
| 6:41 | Create | Fishing Ship |
| 7:08 | Create | Villager (Male) |
| 7:11 | Build | House |
| 7:26 | Create | Villager (Male) |
| 7:29 | Create | Villager (Male) |
| 7:29 | Create | Villager (Male) |
| 7:46 | Create | Villager (Male) |
| 7:46 | Create | Villager (Male) |
| 7:51 | Create | Fishing Ship |
| 8:18 | Create | Fishing Ship |
| 8:31 | Create | Villager (Male) |
| 8:51 | Create | Villager (Male) |
| 8:55 | Build | House |
| 9:23 | Create | Villager (Male) |
| 9:41 | Build | Mill |
| 9:43 | Create | Villager (Male) |
| 9:51 | Create | Fishing Ship |
| 9:53 | Create | Fishing Ship |
| 10:10 | Build | House |
| 10:19 | Build | House |
| 10:40 | Create | Villager (Male) |
| 10:45 | Research | Feudal Age |
| 10:58 | Build | Mining Camp |
| 11:10 | Build | House |
| 11:12 | Create | Villager (Male) |
| 11:47 | Create | Villager (Male) |
| 12:12 | Build | Barracks |
| 12:24 | Create | Villager (Male) |
| 12:49 | Build | Dock |
| 12:59 | Age | Feudal Age |
| 13:02 | Create | Villager (Male) |
| 13:56 | Create | Villager (Male) |
| 14:09 | Create | Fire Galley |
| 14:10 | Create | Fire Galley |
| 14:13 | Create | Fire Galley |
| 14:13 | Create | Fire Galley |
| 14:15 | Build | House |
| 14:30 | Create | Villager (Male) |
| 14:37 | Create | Villager (Male) |
| 14:51 | Build | House |
| 15:14 | Create | Fire Galley |
| 15:31 | Build | House |
| 15:33 | Create | Villager (Male) |
| 15:34 | Create | Fire Galley |
| 15:41 | Create | Fire Galley |
| 15:42 | Create | Fire Galley |
| 15:43 | Create | Villager (Male) |
| 15:43 | Create | Villager (Male) |
| 15:50 | Create | Villager (Male) |
| 15:53 | Build | Market |
| 16:26 | Create | Fire Galley |
| 16:26 | Create | Fire Galley |
| 16:28 | Create | Villager (Male) |
| 16:38 | Create | Villager (Male) |
| 16:43 | Build | Blacksmith |
| 17:09 | Create | Fire Galley |
| 17:10 | Create | Fire Galley |
| 17:27 | Create | Villager (Male) |
| 17:34 | Research | Loom |
| 18:46 | Research | Castle Age |
| 18:48 | Create | Fire Galley |
| 18:48 | Create | Fire Galley |
| 18:50 | Create | Villager (Male) |
| 19:00 | Build | House |
| 19:39 | Create | Demolition Raft |
| 19:53 | Create | Demolition Raft |
| 20:04 | Create | Fire Galley |
| 21:18 | Create | Demolition Raft |
| 21:18 | Create | Demolition Raft |
| 21:20 | Create | Villager (Male) |
| 21:26 | Age | Castle Age |
| 21:54 | Research | War Galley (upgrade) |
| 22:03 | Create | Fire Galley |
| 22:03 | Create | Fire Galley |
| 22:03 | Create | Fire Galley |
| 22:04 | Create | Villager (Male) |
| 22:12 | Build | House |
| 22:17 | Build | Town Center |
| 22:22 | Build | Lumber Camp |
| 22:37 | Create | Fire Galley |
| 22:58 | Create | Fire Galley |
| 23:13 | Create | Fire Galley |
| 23:13 | Create | Fire Galley |
| 23:15 | Create | Villager (Male) |
| 23:15 | Create | Villager (Male) |
| 23:15 | Create | Villager (Male) |
| 23:15 | Create | Villager (Male) |
| 23:25 | Build | House |
| 23:26 | Create | Villager (Male) |
| 23:40 | Create | Villager (Male) |
| 23:42 | Build | Farm |
| 23:44 | Build | Farm |
| 23:50 | Build | Town Center |
| 23:52 | Create | Villager (Male) |
Build order — noru
106 actions detected in the replay
| 0:37 | Build | Town Center |
| 0:41 | Build | Dock |
| 2:34 | Build | House |
| 2:52 | Build | House |
| 2:57 | Create | Villager (Male) |
| 2:58 | Create | Villager (Male) |
| 3:23 | Create | Villager (Male) |
| 3:23 | Create | Villager (Male) |
| 3:48 | Create | Villager (Male) |
| 4:27 | Create | Fishing Ship |
| 4:47 | Research | Loom |
| 4:58 | Build | House |
| 5:03 | Create | Villager (Male) |
| 5:25 | Create | Villager (Male) |
| 5:31 | Build | House |
| 5:44 | Create | Fishing Ship |
| 5:48 | Build | Palisade Wall |
| 5:57 | Create | Villager (Male) |
| 6:13 | Build | House |
| 6:26 | Create | Villager (Male) |
| 6:49 | Create | Fishing Ship |
| 6:51 | Create | Villager (Male) |
| 7:21 | Create | Villager (Male) |
| 7:37 | Create | Fishing Ship |
| 7:42 | Build | House |
| 7:50 | Create | Villager (Male) |
| 8:16 | Create | Villager (Male) |
| 8:32 | Build | House |
| 8:39 | Create | Fishing Ship |
| 8:41 | Build | House |
| 8:44 | Create | Villager (Male) |
| 9:04 | Create | Villager (Male) |
| 9:15 | Create | Fishing Ship |
| 9:27 | Create | Villager (Male) |
| 9:40 | Create | Villager (Male) |
| 9:47 | Build | House |
| 10:04 | Create | Villager (Male) |
| 10:13 | Create | Villager (Male) |
| 10:19 | Build | Mill |
| 11:03 | Research | Feudal Age |
| 11:11 | Build | Mining Camp |
| 12:39 | Create | Villager (Male) |
| 13:01 | Build | Mining Camp |
| 13:28 | Age | Feudal Age |
| 13:31 | Build | Market |
| 13:41 | Create | Villager (Male) |
| 13:53 | Build | Blacksmith |
| 13:55 | Build | Blacksmith |
| 14:05 | Create | Villager (Male) |
| 14:33 | Research | Castle Age |
| 15:05 | Create | Fire Galley |
| 16:05 | Build | Outpost |
| 16:11 | Build | House |
| 16:11 | Build | House |
| 16:23 | Create | Villager (Male) |
| 17:01 | Build | House |
| 17:08 | Build | House |
| 17:17 | Create | Unit 2626 |
| 17:23 | Age | Castle Age |
| 17:27 | Create | Villager (Male) |
| 17:34 | Build | Castle |
| 17:42 | Create | Villager (Male) |
| 18:03 | Create | Villager (Male) |
| 18:15 | Build | Lumber Camp |
| 18:23 | Create | Villager (Male) |
| 18:26 | Create | Mangudai |
| 18:27 | Create | Mangudai |
| 18:39 | Research | Fletching |
| 18:48 | Build | Palisade Wall |
| 18:49 | Build | Palisade Wall |
| 18:51 | Build | Palisade Wall |
| 19:01 | Build | House |
| 19:03 | Build | House |
| 19:10 | Build | House |
| 19:11 | Build | Palisade Wall |
| 19:12 | Build | Palisade Wall |
| 19:18 | Create | Mangudai |
| 19:18 | Create | Mangudai |
| 19:24 | Create | Mangudai |
| 19:49 | Create | Villager (Male) |
| 19:58 | Create | Mangudai |
| 20:02 | Create | Villager (Male) |
| 20:05 | Research | Bodkin Arrow |
| 20:18 | Build | Siege Workshop |
| 20:23 | Create | Villager (Male) |
| 20:31 | Create | Mangudai |
| 20:49 | Create | Mangudai |
| 20:59 | Create | Mangonel |
| 21:23 | Create | Mangudai |
| 21:25 | Create | Villager (Male) |
| 21:25 | Create | Villager (Male) |
| 21:35 | Create | Villager (Male) |
| 21:55 | Build | Outpost |
| 21:58 | Research | Town Watch |
| 22:16 | Create | Mangudai |
| 22:19 | Create | Mangudai |
| 22:21 | Create | Villager (Male) |
| 22:27 | Create | Villager (Male) |
| 22:35 | Build | Outpost |
| 23:04 | Create | Mangonel |
| 23:08 | Create | Villager (Male) |
| 23:14 | Build | Town Center |
| 23:22 | Build | House |
| 23:43 | Create | Villager (Male) |
| 23:52 | Build | House |
| 23:58 | Create | Villager (Male) |
Build order — DS_TheHeartless
141 actions detected in the replay
| 0:11 | Build | Town Center |
| 0:34 | Build | Town Center |
| 2:41 | Build | Dock |
| 2:45 | Create | Villager (Male) |
| 2:46 | Create | Villager (Male) |
| 2:49 | Create | Villager (Male) |
| 3:04 | Create | Villager (Male) |
| 3:07 | Build | House |
| 3:55 | Create | Fishing Ship |
| 4:29 | Research | Loom |
| 4:36 | Build | House |
| 4:57 | Create | Villager (Male) |
| 4:58 | Create | Villager (Male) |
| 5:29 | Create | Villager (Male) |
| 5:30 | Create | Fishing Ship |
| 6:18 | Create | Villager (Male) |
| 6:18 | Create | Villager (Male) |
| 6:27 | Create | Fishing Ship |
| 6:27 | Create | Fishing Ship |
| 6:36 | Create | Villager (Male) |
| 6:53 | Build | House |
| 6:59 | Create | Villager (Male) |
| 7:00 | Create | Villager (Male) |
| 7:41 | Create | Fishing Ship |
| 7:45 | Create | Villager (Male) |
| 8:02 | Build | House |
| 8:04 | Create | Villager (Male) |
| 8:25 | Create | Fishing Ship |
| 8:42 | Create | Villager (Male) |
| 8:53 | Create | Villager (Male) |
| 9:00 | Create | Villager (Male) |
| 9:02 | Create | Fishing Ship |
| 9:22 | Build | House |
| 9:48 | Create | Fishing Ship |
| 10:02 | Build | Dock |
| 10:03 | Create | Villager (Male) |
| 10:30 | Create | Villager (Male) |
| 10:35 | Build | House |
| 10:42 | Create | Fishing Ship |
| 10:52 | Create | Villager (Male) |
| 11:06 | Create | Fishing Ship |
| 11:18 | Build | Lumber Camp |
| 11:19 | Create | Villager (Male) |
| 11:49 | Create | Fishing Ship |
| 11:56 | Research | Feudal Age |
| 12:02 | Create | Villager (Male) |
| 12:29 | Build | Mining Camp |
| 12:44 | Build | House |
| 12:54 | Create | Villager (Male) |
| 13:05 | Build | Barracks |
| 13:13 | Build | House |
| 14:06 | Age | Feudal Age |
| 14:10 | Build | Stable |
| 14:14 | Create | Fire Galley |
| 14:20 | Create | Villager (Male) |
| 14:43 | Create | Galley |
| 14:43 | Create | Galley |
| 14:47 | Create | Fire Galley |
| 14:53 | Research | Double-Bit Axe |
| 14:56 | Create | Scout Cavalry |
| 14:59 | Create | Villager (Male) |
| 15:02 | Build | House |
| 15:16 | Create | Fire Galley |
| 15:17 | Create | Scout Cavalry |
| 15:24 | Create | Villager (Male) |
| 15:42 | Create | Scout Cavalry |
| 15:47 | Build | Blacksmith |
| 15:53 | Create | Villager (Male) |
| 15:59 | Create | Scout Cavalry |
| 16:00 | Create | Villager (Male) |
| 16:07 | Create | Spearman |
| 16:10 | Build | House |
| 16:12 | Build | House |
| 16:15 | Create | Scout Cavalry |
| 16:20 | Create | Villager (Male) |
| 16:36 | Build | Stable |
| 16:38 | Build | Palisade Wall |
| 16:40 | Build | Palisade Wall |
| 16:41 | Create | Scout Cavalry |
| 16:46 | Create | Scout Cavalry |
| 16:50 | Research | Forging |
| 16:58 | Create | Villager (Male) |
| 17:02 | Create | Spearman |
| 17:03 | Create | Scout Cavalry |
| 17:04 | Create | Villager (Male) |
| 17:06 | Build | House |
| 17:07 | Build | House |
| 17:12 | Research | Tech 906 |
| 17:30 | Create | Villager (Male) |
| 17:39 | Create | Scout Cavalry |
| 17:41 | Create | Scout Cavalry |
| 17:43 | Create | Fishing Ship ×3 |
| 18:03 | Create | Villager (Male) |
| 18:25 | Build | Dock |
| 18:33 | Create | Villager (Male) |
| 18:54 | Create | Scout Cavalry |
| 18:59 | Build | House |
| 19:00 | Build | House |
| 19:01 | Create | Villager (Male) |
| 19:20 | Create | Villager (Male) |
| 19:38 | Create | Villager (Male) |
| 19:49 | Build | Lumber Camp |
| 19:51 | Build | Mill |
| 20:00 | Create | Fishing Ship ×5 |
| 20:07 | Build | House |
| 20:07 | Create | Villager (Male) |
| 20:11 | Create | Villager (Male) |
| 20:25 | Create | Villager (Male) |
| 20:32 | Build | Market |
| 20:33 | Build | House |
| 20:35 | Build | Stone Wall |
| 20:43 | Build | Watch Tower |
| 20:46 | Create | Scout Cavalry |
| 21:07 | Create | Scout Cavalry |
| 21:18 | Create | Villager (Male) |
| 21:28 | Create | Scout Cavalry |
| 21:45 | Create | Villager (Male) |
| 21:52 | Build | Mill |
| 21:57 | Build | Mill |
| 22:03 | Create | Villager (Male) |
| 22:09 | Create | Villager (Male) |
| 22:34 | Create | Scout Cavalry |
| 22:40 | Build | House |
| 22:46 | Build | Palisade Gate |
| 22:48 | Build | House |
| 22:49 | Build | Palisade Wall |
| 22:53 | Build | House |
| 22:55 | Create | Scout Cavalry |
| 22:56 | Create | Villager (Male) |
| 23:01 | Create | Scout Cavalry |
| 23:06 | Create | Villager (Male) |
| 23:36 | Create | Villager (Male) |
| 23:38 | Research | Tech 1014 |
| 23:39 | Research | Tech 1014 |
| 23:41 | Build | Pasture |
| 23:43 | Build | Pasture |
| 23:47 | Build | Pasture |
| 23:47 | Build | Pasture |
| 23:48 | Build | Pasture |
| 23:49 | Create | Scout Cavalry |
| 23:50 | Create | Villager (Male) |
Build order — ForeverUnemployed
144 actions detected in the replay
| 0:18 | Build | Town Center |
| 0:41 | Build | Dock |
| 0:41 | Build | House |
| 2:34 | Create | Villager (Male) |
| 2:34 | Create | Villager (Male) |
| 2:34 | Create | Villager (Male) |
| 2:34 | Create | Villager (Male) |
| 2:35 | Create | Villager (Male) |
| 3:55 | Create | Fishing Ship |
| 3:55 | Create | Fishing Ship |
| 4:02 | Create | Villager (Male) |
| 4:18 | Build | House |
| 4:23 | Create | Villager (Male) |
| 5:02 | Create | Fishing Ship |
| 5:03 | Create | Fishing Ship |
| 5:08 | Create | Villager (Male) |
| 5:34 | Create | Villager (Male) |
| 5:42 | Build | House |
| 6:05 | Create | Villager (Male) |
| 6:06 | Create | Fishing Ship |
| 6:32 | Create | Villager (Male) |
| 6:33 | Create | Villager (Male) |
| 6:52 | Create | Fishing Ship |
| 7:05 | Create | Villager (Male) |
| 7:05 | Create | Villager (Male) |
| 7:10 | Build | House |
| 7:14 | Create | Villager (Male) |
| 7:45 | Create | Fishing Ship |
| 7:45 | Create | Fishing Ship |
| 7:46 | Create | Villager (Male) |
| 8:12 | Create | Villager (Male) |
| 8:12 | Create | Fishing Ship |
| 8:32 | Build | House |
| 8:40 | Create | Villager (Male) |
| 8:59 | Create | Villager (Male) |
| 9:03 | Build | Lumber Camp |
| 9:53 | Research | Feudal Age |
| 9:59 | Build | House |
| 10:13 | Build | House |
| 10:43 | Create | Villager (Male) |
| 10:59 | Create | Fishing Ship |
| 11:03 | Build | Dock |
| 11:21 | Build | Mill |
| 11:41 | Create | Villager (Male) |
| 12:03 | Age | Feudal Age |
| 12:04 | Create | Galley |
| 12:09 | Create | Galley |
| 12:09 | Create | Galley |
| 12:12 | Build | House |
| 12:29 | Build | House |
| 12:32 | Create | Villager (Male) |
| 12:41 | Research | Double-Bit Axe |
| 12:57 | Build | House |
| 13:06 | Create | Galley |
| 13:06 | Create | Villager (Male) |
| 13:19 | Create | Villager (Male) |
| 13:34 | Create | Galley |
| 13:35 | Create | Villager (Male) |
| 14:01 | Create | Villager (Male) |
| 14:15 | Build | Blacksmith |
| 14:36 | Create | Villager (Male) |
| 14:45 | Build | Market |
| 15:14 | Create | Galley |
| 15:36 | Research | Castle Age |
| 15:44 | Create | Galley |
| 15:49 | Build | Dock |
| 16:19 | Create | Galley |
| 16:21 | Create | Trade Cog |
| 16:28 | Create | Trade Cog |
| 16:32 | Create | Trade Cog |
| 16:36 | Create | Villager (Male) |
| 16:41 | Create | Unit 2626 |
| 16:47 | Build | House |
| 16:47 | Build | House |
| 17:08 | Create | Trade Cog |
| 17:21 | Create | Unit 2626 |
| 17:21 | Create | Unit 2626 |
| 17:29 | Create | Unit 2626 |
| 17:33 | Create | Unit 2626 |
| 17:39 | Create | Villager (Male) |
| 18:16 | Age | Castle Age |
| 18:23 | Research | War Galley (upgrade) |
| 18:23 | Research | War Galley (upgrade) |
| 18:31 | Create | Unit 2626 |
| 18:37 | Create | Unit 2626 |
| 18:38 | Create | Demolition Raft |
| 18:41 | Create | Villager (Male) |
| 19:05 | Create | Trade Cog |
| 19:15 | Create | Trade Cog |
| 19:26 | Create | Trade Cog |
| 19:26 | Create | Trade Cog |
| 19:35 | Create | Villager (Male) |
| 19:35 | Create | Villager (Male) |
| 19:46 | Create | Fire Galley |
| 19:46 | Create | Fire Galley |
| 19:49 | Create | Villager (Male) |
| 20:00 | Create | Villager (Male) |
| 20:05 | Create | Fire Galley |
| 20:05 | Create | Fire Galley |
| 20:13 | Create | Trade Cog |
| 20:13 | Create | Trade Cog |
| 20:17 | Create | Villager (Male) |
| 20:32 | Create | Trade Cog |
| 20:32 | Create | Trade Cog |
| 20:39 | Create | Villager (Male) |
| 20:41 | Build | House |
| 20:49 | Create | Trade Cog |
| 21:06 | Create | Trade Cog |
| 21:07 | Create | Trade Cog |
| 21:07 | Create | Trade Cog |
| 21:07 | Create | Trade Cog |
| 21:20 | Create | Villager (Male) |
| 21:23 | Build | House |
| 21:23 | Build | House |
| 21:28 | Create | Fire Galley |
| 21:32 | Create | Villager (Male) |
| 21:39 | Build | Lumber Camp |
| 21:41 | Build | House |
| 21:41 | Build | House |
| 22:04 | Create | Trade Cog |
| 22:12 | Create | Fire Galley |
| 22:13 | Create | Fire Galley |
| 22:13 | Create | Fire Galley |
| 22:13 | Create | Fire Galley |
| 22:17 | Research | Fletching |
| 22:18 | Create | Villager (Male) |
| 22:23 | Create | Villager (Male) |
| 22:26 | Create | Fire Galley |
| 22:26 | Create | Fire Galley |
| 22:27 | Create | Fire Galley |
| 22:37 | Build | House |
| 22:51 | Create | Trade Cog |
| 23:08 | Create | Galley |
| 23:08 | Create | Galley |
| 23:24 | Create | Villager (Male) |
| 23:37 | Build | Dock |
| 23:39 | Create | Fire Galley |
| 23:40 | Create | Fire Galley |
| 23:44 | Research | Bodkin Arrow |
| 23:44 | Research | Bodkin Arrow |
| 23:45 | Create | Villager (Male) |
| 23:57 | Create | Villager (Male) |
| 24:00 | Create | Fire Galley |
| 24:01 | Create | Fire Galley |
Build order — Cris_1z
69 actions detected in the replay
| 0:29 | Build | Town Center |
| 1:19 | Build | Town Center |
| 1:57 | Build | Dock |
| 2:08 | Build | Palisade Wall |
| 2:24 | Build | House |
| 3:19 | Create | Villager (Male) ×4 |
| 4:44 | Build | House |
| 4:49 | Create | Fishing Ship |
| 4:51 | Create | Villager (Male) |
| 4:53 | Research | Loom |
| 5:52 | Create | Fishing Ship |
| 6:07 | Create | Villager (Male) |
| 6:20 | Create | Fishing Ship |
| 7:02 | Create | Villager (Male) |
| 7:16 | Create | Fishing Ship |
| 7:28 | Build | House |
| 7:39 | Create | Villager (Male) |
| 7:57 | Create | Villager (Male) |
| 7:57 | Create | Villager (Male) |
| 8:17 | Create | Villager (Male) |
| 8:24 | Create | Fishing Ship |
| 8:54 | Build | House |
| 8:57 | Create | Villager (Male) |
| 9:14 | Create | Fishing Ship |
| 9:20 | Create | Villager (Male) |
| 9:37 | Build | Settlement |
| 9:55 | Create | Villager (Male) |
| 10:08 | Create | Fishing Ship |
| 10:13 | Create | Villager (Male) |
| 10:16 | Create | Fishing Ship |
| 10:44 | Create | Fishing Ship |
| 11:00 | Create | Villager (Male) |
| 11:18 | Create | Villager (Male) |
| 11:39 | Create | Villager (Male) |
| 11:46 | Build | Dock |
| 11:56 | Create | Villager (Male) |
| 12:24 | Research | Feudal Age |
| 12:42 | Create | Villager (Male) |
| 12:43 | Create | Villager (Male) |
| 13:09 | Create | Fishing Ship |
| 13:21 | Build | House |
| 13:34 | Build | Outpost |
| 14:34 | Age | Feudal Age |
| 14:47 | Build | Market |
| 14:54 | Build | Blacksmith |
| 15:41 | Research | Castle Age |
| 16:24 | Create | Unit 2626 |
| 16:35 | Build | Palisade Wall |
| 16:46 | Create | Demolition Raft |
| 16:58 | Build | Watch Tower |
| 17:21 | Build | Palisade Wall |
| 17:22 | Build | Palisade Wall |
| 17:23 | Build | Palisade Wall |
| 17:24 | Build | Palisade Wall |
| 17:29 | Build | Palisade Wall |
| 17:32 | Build | Palisade Wall |
| 17:33 | Build | Palisade Wall |
| 17:35 | Build | House |
| 17:38 | Build | Palisade Wall |
| 18:21 | Age | Castle Age |
| 18:41 | Build | Castle |
| 19:24 | Create | Unit 2562 |
| 19:24 | Create | Unit 2562 |
| 19:33 | Create | Villager (Male) |
| 20:44 | Build | Siege Workshop |
| 21:15 | Build | House |
| 21:18 | Build | Palisade Wall |
| 21:29 | Create | Mangonel |
| 22:31 | Build | Town Center |
Build order — LoB.Janandez
First 150 of 170 actions detected
| 0:16 | Build | Town Center |
| 2:33 | Build | House |
| 2:34 | Create | Villager (Male) |
| 2:35 | Create | Villager (Male) |
| 2:35 | Create | Villager (Male) |
| 2:35 | Create | Villager (Male) |
| 2:35 | Create | Villager (Male) |
| 2:35 | Create | Villager (Male) |
| 2:36 | Create | Villager (Male) |
| 3:37 | Build | Dock |
| 3:53 | Research | Loom |
| 3:54 | Research | Loom |
| 4:25 | Create | Villager (Male) |
| 4:25 | Create | Villager (Male) |
| 4:25 | Create | Villager (Male) |
| 4:25 | Create | Villager (Male) |
| 4:29 | Build | House |
| 4:48 | Create | Villager (Male) |
| 4:48 | Create | Villager (Male) |
| 5:02 | Build | Palisade Wall |
| 5:20 | Create | Villager (Male) |
| 5:21 | Create | Villager (Male) |
| 5:21 | Create | Villager (Male) |
| 5:51 | Create | Villager (Male) |
| 5:51 | Create | Villager (Male) |
| 5:52 | Create | Villager (Male) |
| 5:52 | Create | Villager (Male) |
| 5:55 | Create | Fishing Ship |
| 5:56 | Create | Fishing Ship |
| 5:56 | Create | Fishing Ship |
| 5:58 | Build | House |
| 6:17 | Create | Villager (Male) |
| 6:17 | Create | Villager (Male) |
| 6:17 | Create | Villager (Male) |
| 6:17 | Create | Villager (Male) |
| 6:18 | Create | Villager (Male) |
| 6:57 | Create | Villager (Male) |
| 6:57 | Create | Villager (Male) |
| 6:57 | Create | Villager (Male) |
| 7:12 | Build | House |
| 7:18 | Create | Villager (Male) |
| 7:19 | Create | Villager (Male) |
| 7:29 | Create | Fishing Ship |
| 7:29 | Create | Fishing Ship |
| 7:29 | Create | Fishing Ship |
| 7:29 | Create | Fishing Ship |
| 7:29 | Create | Fishing Ship |
| 7:29 | Create | Fishing Ship |
| 7:30 | Create | Fishing Ship |
| 8:04 | Create | Fishing Ship |
| 8:04 | Create | Fishing Ship |
| 8:04 | Create | Fishing Ship |
| 8:06 | Create | Villager (Male) |
| 8:47 | Build | Mill |
| 8:51 | Create | Villager (Male) |
| 9:17 | Create | Villager (Male) |
| 9:24 | Create | Fishing Ship |
| 9:25 | Create | Fishing Ship |
| 9:25 | Create | Fishing Ship |
| 9:43 | Create | Villager (Male) |
| 10:07 | Create | Villager (Male) |
| 10:09 | Create | Fishing Ship |
| 10:12 | Build | House |
| 10:28 | Research | Feudal Age |
| 10:29 | Research | Feudal Age |
| 11:10 | Build | Barracks |
| 11:55 | Create | Villager (Male) |
| 12:16 | Build | House |
| 12:35 | Build | Dock |
| 12:43 | Age | Feudal Age |
| 12:47 | Build | Stable |
| 12:50 | Create | Villager (Male) |
| 13:16 | Build | Stable |
| 13:20 | Create | Villager (Male) |
| 13:30 | Create | Scout Cavalry |
| 13:30 | Create | Scout Cavalry |
| 13:44 | Create | Villager (Male) |
| 13:56 | Create | Scout Cavalry |
| 14:00 | Create | Scout Cavalry |
| 14:01 | Create | Scout Cavalry |
| 14:10 | Build | Lumber Camp |
| 14:14 | Build | House |
| 14:17 | Create | Scout Cavalry |
| 14:18 | Create | Villager (Male) |
| 14:21 | Build | Farm |
| 14:30 | Create | Scout Cavalry |
| 14:30 | Create | Scout Cavalry |
| 14:32 | Create | Villager (Male) |
| 14:34 | Create | Villager (Male) |
| 14:38 | Build | Farm |
| 14:39 | Create | Villager (Male) |
| 14:53 | Create | Scout Cavalry |
| 14:54 | Create | Villager (Male) |
| 14:56 | Build | Farm |
| 15:18 | Research | Double-Bit Axe |
| 15:18 | Research | Double-Bit Axe |
| 15:41 | Create | Villager (Male) |
| 15:42 | Build | House |
| 15:44 | Build | House |
| 16:13 | Create | Villager (Male) |
| 16:13 | Create | Villager (Male) |
| 16:20 | Create | Villager (Male) |
| 16:20 | Create | Villager (Male) |
| 16:23 | Build | Farm |
| 16:24 | Build | Farm |
| 16:38 | Build | Farm |
| 16:41 | Build | Farm |
| 16:42 | Build | Farm |
| 16:43 | Build | Farm |
| 16:44 | Build | Farm |
| 17:00 | Create | Scout Cavalry |
| 17:00 | Create | Scout Cavalry |
| 17:32 | Build | Farm |
| 17:34 | Build | Farm |
| 17:38 | Build | House |
| 17:39 | Build | House |
| 17:42 | Build | Palisade Wall |
| 17:56 | Create | Scout Cavalry |
| 17:56 | Create | Scout Cavalry |
| 17:56 | Create | Scout Cavalry |
| 17:58 | Create | Villager (Male) |
| 17:58 | Create | Villager (Male) |
| 18:02 | Build | Farm |
| 18:02 | Build | Farm |
| 18:03 | Build | Farm |
| 18:03 | Build | Farm |
| 18:04 | Build | Farm |
| 18:30 | Create | Villager (Male) |
| 18:30 | Create | Villager (Male) |
| 18:43 | Build | Lumber Camp |
| 18:46 | Build | Market |
| 18:57 | Create | Villager (Male) |
| 19:04 | Build | Farm |
| 19:05 | Build | Farm |
| 19:09 | Build | Mining Camp |
| 19:27 | Create | Scout Cavalry |
| 19:28 | Create | Scout Cavalry |
| 19:28 | Create | Scout Cavalry |
| 19:28 | Create | Scout Cavalry |
| 19:54 | Create | Villager (Male) |
| 19:55 | Create | Villager (Male) |
| 19:58 | Create | Villager (Male) |
| 20:02 | Build | Market |
| 20:08 | Create | Villager (Male) |
| 20:23 | Create | Villager (Male) |
| 20:34 | Create | Scout Cavalry |
| 20:35 | Create | Scout Cavalry |
| 20:41 | Create | Scout Cavalry |
| 20:41 | Create | Scout Cavalry |
| 20:42 | Create | Scout Cavalry |
Build order — nordap
125 actions detected in the replay
| 0:35 | Build | Town Center |
| 2:03 | Build | Dock |
| 2:06 | Build | House |
| 2:51 | Create | Villager (Male) |
| 2:52 | Create | Villager (Male) |
| 2:52 | Create | Villager (Male) |
| 2:52 | Create | Villager (Male) |
| 2:52 | Create | Villager (Male) |
| 3:54 | Create | Fishing Ship |
| 4:44 | Create | Villager (Male) |
| 5:06 | Create | Villager (Male) |
| 5:06 | Create | Villager (Male) |
| 5:20 | Build | House |
| 5:38 | Create | Villager (Male) |
| 5:38 | Create | Villager (Male) |
| 5:54 | Create | Fishing Ship |
| 6:04 | Create | Villager (Male) |
| 6:05 | Create | Villager (Male) |
| 6:25 | Create | Villager (Male) |
| 6:28 | Build | House |
| 6:46 | Build | House |
| 6:54 | Create | Villager (Male) |
| 6:54 | Create | Villager (Male) |
| 7:03 | Build | House |
| 7:11 | Create | Villager (Male) |
| 7:12 | Create | Fishing Ship |
| 7:37 | Build | House |
| 7:41 | Create | Villager (Male) |
| 7:41 | Create | Villager (Male) |
| 8:19 | Create | Villager (Male) |
| 8:19 | Create | Villager (Male) |
| 8:22 | Create | Fishing Ship |
| 8:47 | Create | Villager (Male) |
| 8:48 | Create | Fishing Ship |
| 9:08 | Create | Villager (Male) |
| 9:13 | Build | Mill |
| 9:28 | Create | Fishing Ship |
| 9:40 | Build | House |
| 10:09 | Research | Loom |
| 10:22 | Create | Fishing Ship |
| 10:25 | Build | House |
| 10:33 | Create | Villager (Male) |
| 10:35 | Create | Villager (Male) |
| 10:44 | Build | Outpost |
| 10:45 | Build | Outpost |
| 11:01 | Build | Lumber Camp |
| 11:15 | Create | Fishing Ship |
| 11:16 | Create | Villager (Male) |
| 11:20 | Research | Feudal Age |
| 11:21 | Research | Feudal Age |
| 12:11 | Create | Villager (Male) |
| 12:27 | Create | Fishing Ship |
| 12:34 | Build | Dock |
| 12:41 | Build | Mining Camp |
| 13:01 | Build | House |
| 13:08 | Create | Villager (Male) |
| 13:30 | Build | House |
| 13:34 | Age | Feudal Age |
| 13:39 | Create | Villager (Male) |
| 13:41 | Create | Villager (Male) |
| 13:52 | Create | Villager (Male) |
| 14:09 | Build | Market |
| 14:12 | Build | Blacksmith |
| 14:17 | Build | Palisade Wall |
| 14:18 | Build | Palisade Wall |
| 14:28 | Build | Outpost |
| 14:36 | Create | Demolition Raft |
| 14:40 | Create | Demolition Raft |
| 14:44 | Create | Fishing Ship |
| 15:16 | Research | Castle Age |
| 15:16 | Research | Castle Age |
| 15:37 | Create | Fishing Ship |
| 15:40 | Create | Fishing Ship |
| 15:53 | Create | Villager (Male) |
| 15:55 | Research | Double-Bit Axe |
| 15:55 | Research | Double-Bit Axe |
| 16:22 | Create | Unit 2626 |
| 16:22 | Create | Unit 2626 |
| 16:29 | Create | Fire Galley |
| 16:30 | Create | Fire Galley |
| 16:30 | Create | Fire Galley |
| 16:51 | Build | House |
| 17:12 | Build | House |
| 17:14 | Build | Palisade Wall |
| 17:31 | Create | Fire Galley |
| 18:07 | Build | Stone Wall |
| 18:11 | Build | Barracks |
| 18:16 | Build | Stone Wall |
| 18:20 | Age | Castle Age |
| 18:24 | Create | Villager (Male) |
| 18:24 | Create | Villager (Male) |
| 18:36 | Create | Villager (Male) |
| 18:41 | Create | Villager (Male) |
| 18:50 | Create | Villager (Male) |
| 18:53 | Build | Archery Range |
| 18:57 | Build | Archery Range |
| 19:07 | Research | War Galley (upgrade) |
| 19:09 | Create | Villager (Male) |
| 19:13 | Create | Spearman |
| 19:23 | Create | Spearman |
| 20:01 | Create | Villager (Male) |
| 20:02 | Create | Cavalry Archer |
| 20:02 | Create | Cavalry Archer |
| 20:15 | Create | Villager (Male) |
| 20:19 | Build | Lumber Camp |
| 20:24 | Build | House |
| 20:28 | Create | Cavalry Archer |
| 20:28 | Create | Cavalry Archer |
| 20:29 | Create | Cavalry Archer |
| 20:30 | Create | Villager (Male) |
| 20:52 | Research | Fletching |
| 20:52 | Create | Villager (Male) |
| 21:10 | Create | Cavalry Archer |
| 21:18 | Create | Fire Galley |
| 21:22 | Create | Villager (Male) |
| 21:36 | Create | Cavalry Archer |
| 21:53 | Research | Bodkin Arrow |
| 21:53 | Research | Bodkin Arrow |
| 21:55 | Create | Cavalry Archer |
| 21:55 | Create | Cavalry Archer |
| 22:24 | Create | Villager (Male) |
| 22:42 | Build | Town Center |
| 23:09 | Create | Cavalry Archer |
| 23:10 | Create | Cavalry Archer |
| 23:22 | Create | Cavalry Archer |
Match timeline
| 0:41 | ForeverUnemployed · first_building Dock |
| 0:41 | noru · first_building Dock |
| 0:56 | Ancalagon14 · first_building Dock |
| 1:27 | DL | Tortafuller · first_building Dock |
| 1:57 | Cris_1z · first_building Dock |
| 2:03 | nordap · first_building Dock |
| 2:08 | Cris_1z · wall_segment Palisade Wall x1 |
| 2:41 | DS_TheHeartless · first_building Dock |
| 3:37 | LoB.Janandez · first_building Dock |
| 5:02 | LoB.Janandez · wall_segment Palisade Wall x1 |
| 5:48 | noru · wall_segment Palisade Wall x1 |
| 11:10 | LoB.Janandez · first_building Barracks |
| 12:03 | ForeverUnemployed · age_up feudal |
| 12:12 | DL | Tortafuller · first_building Barracks |
| 12:43 | LoB.Janandez · age_up feudal |
| 12:47 | LoB.Janandez · first_building Stable |
| 12:59 | DL | Tortafuller · age_up feudal |
| 13:05 | DS_TheHeartless · first_building Barracks |
| 13:28 | noru · age_up feudal |
| 13:34 | nordap · age_up feudal |
| 13:49 | Ancalagon14 · age_up feudal |
| 14:06 | DS_TheHeartless · age_up feudal |
| 14:10 | DS_TheHeartless · first_building Stable |
| 14:17 | nordap · wall_segment Palisade Wall x1 |
| 14:18 | nordap · wall_segment Palisade Wall x1 |
| 14:34 | Cris_1z · age_up feudal |
| 15:06 | nordap · first_market_sell 100 wood |
| 15:19 | Ancalagon14 · wall_segment Palisade Wall x5 |
| 15:26 | Cris_1z · first_market_sell 100 stone |
| 15:33 | Cris_1z · first_market_buy 100 food |
| 16:35 | Cris_1z · wall_segment Palisade Wall x1 |
| 16:38 | DS_TheHeartless · wall_segment Palisade Wall x1 |
| 16:40 | DS_TheHeartless · wall_segment Palisade Wall x1 |
| 16:48 | Ancalagon14 · wall_segment Palisade Wall x1 |
| 17:14 | nordap · wall_segment Palisade Wall x1 |
| 17:21 | Cris_1z · wall_segment Palisade Wall x1 |
| 17:22 | Cris_1z · wall_segment Palisade Wall x1 |
| 17:23 | noru · age_up castle |
| 17:23 | Cris_1z · wall_segment Palisade Wall x1 |
| 17:24 | Cris_1z · wall_segment Palisade Wall x1 |
| 17:29 | Cris_1z · wall_segment Palisade Wall x1 |
| 17:32 | Cris_1z · wall_segment Palisade Wall x1 |
| 17:33 | Cris_1z · wall_segment Palisade Wall x1 |
| 17:34 | noru · first_building Castle |
| 17:38 | Cris_1z · wall_segment Palisade Wall x1 |
| 17:42 | LoB.Janandez · wall_segment Palisade Wall x1 |
| 17:45 | Ancalagon14 · age_up castle |
| 18:07 | nordap · wall_segment Stone Wall x1 |
| 18:11 | nordap · first_building Barracks |
| 18:16 | ForeverUnemployed · age_up castle |
| 18:16 | nordap · wall_segment Stone Wall x1 |
| 18:20 | nordap · age_up castle |
| 18:21 | Cris_1z · age_up castle |
| 18:41 | Cris_1z · first_building Castle |
| 18:48 | noru · wall_segment Palisade Wall x1 |
| 18:49 | noru · wall_segment Palisade Wall x1 |
| 18:51 | noru · wall_segment Palisade Wall x1 |
| 18:53 | nordap · first_building Archery Range |
| 19:11 | noru · wall_segment Palisade Wall x1 |
| 19:12 | noru · wall_segment Palisade Wall x1 |
| 19:29 | Ancalagon14 · wall_segment Palisade Wall x1 |
| 19:30 | Ancalagon14 · wall_segment Palisade Wall x1 |
| 19:31 | Ancalagon14 · wall_segment Palisade Wall x1 |
| 19:33 | Ancalagon14 · wall_segment Palisade Wall x1 |
| 19:33 | Ancalagon14 · wall_segment Palisade Wall x1 |
| 19:34 | Ancalagon14 · wall_segment Palisade Wall x1 |
| 19:48 | Ancalagon14 · first_building Barracks |
| 20:18 | noru · first_building Siege Workshop |
| 20:35 | DS_TheHeartless · wall_segment Stone Wall x4 |
| 20:44 | Cris_1z · first_building Siege Workshop |
| 21:18 | Cris_1z · wall_segment Palisade Wall x1 |
| 21:20 | Ancalagon14 · wall_segment Palisade Wall x1 |
| 21:26 | DL | Tortafuller · age_up castle |
| 21:37 | ForeverUnemployed · first_market_buy 100 wood |
| 21:41 | DL | Tortafuller · first_market_sell 100 food |
| 22:03 | LoB.Janandez · wall_segment Palisade Wall x11 |
| 22:49 | DS_TheHeartless · wall_segment Palisade Wall x1 |
| 23:31 | LoB.Janandez · first_market_buy 100 food |
| 23:34 | LoB.Janandez · first_market_sell 100 wood |
| 23:56 | DS_TheHeartless · resign |
[ AI ANALYSIS · 1 CREDIT ]
What really happened in this match?
Wolo.gg analyzes every decision: build order, eco, micro, common mistakes by bracket. Personalized analysis on WhatsApp or Discord in 30 seconds.
Civ guide
Vikings
Perfil
Jugador #3000704